Map: Proxima Station LE

Players

Mathias

  • Race: Terran Terran
  • League: Gold
  • Spawn Location: 1:00

eXile - Winner!

  • Race: Zerg Zerg
  • League: Gold
  • Spawn Location: 7:00

VOD

Have the link to the VOD?

Description

Time

  • Played on: May 14, 2017, 8:36 p.m.
  • Length: 17:44
Show
View Real Time Build Order
Export as new Build Order

Mathias Terran 

Build Orders:  

Get SALT Encoding   

  12  0:03  SCV  
  13  0:15  SCV  
  13  0:19  Supply Depot  
  14  0:33  SCV  
  15  0:45  SCV  
  15  0:46  Barracks  
  16  0:50  Refinery  
  16  0:57  SCV  
  17  1:06  Barracks  
  17  1:09  SCV  
  18  1:21  SCV  
  18  1:25  Barracks  
  19  1:35  Orbital Command  
  19  1:40  Barracks Reactor  
  19  1:48  Supply Depot  
  19  1:55  Barracks Tech Lab  
  19  2:04  Barracks  
  19  2:22  Marauder  
  21  2:23  Marine  
  21  2:25  Marine x2  
  24  2:39  Supply Depot  
  24  2:42  Supply Depot  
  24  2:47  Barracks Reactor  
  24  2:51  Stimpack  
  24  2:54  Marine  
  24  2:55  Marine  
  26  3:02  Marauder  
  28  3:07  Marine  
  28  3:12  Marine  
  30  3:13  Marine  
  31  3:24  Marine x2  
  33  3:27  Marauder  
  33  3:28  Barracks Reactor  
  33  3:32  Marine  
  33  3:33  Marine  
  37  3:38  Supply Depot  
  37  3:44  Marine x2  
  39  3:49  Supply Depot  
  39  3:52  Supply Depot  
  39  3:53  Marine  
  39  3:54  Marine  
  41  4:00  Marauder  
  43  4:13  Marine  
  43  4:14  Marine x2  
  46  4:21  Marauder  
  46  4:24  Marine x3  
  51  4:34  Marine x3  
  54  4:44  Supply Depot  
  54  4:55  Marine x2  
  54  4:56  Marine x2, Marauder  
  54  4:57  Marine  
  61  5:18  Marine x3  
  61  5:19  Marauder  
  47  5:40  Marauder  
  26  6:07  Marine x2  
  26  6:08  Marine x2  
  26  6:10  Marauder  
  32  6:20  Command Center  
  32  6:22  Factory  
  32  6:29  Factory, SCV  
  33  6:38  Refinery  
  33  6:41  SCV  
  34  7:00  SCV  
  35  7:10  Marine x3  
  35  7:12  Factory Tech Lab  
  35  7:14  Factory Reactor  
  38  7:21  Starport  
  38  7:32  Starport  
  38  7:40  SCV  
  39  7:44  Orbital Command  
  39  7:51  Marine x3  
  39  7:52  Widow Mine, Marine  
  39  7:53  Widow Mine, SCV  
  48  8:02  Siege Tank  
  48  8:05  SCV  
  52  8:14  Engineering Bay, SCV  
  52  8:17  SCV  
  54  8:23  Starport Reactor  
  54  8:30  Starport Tech Lab  
  54  8:34  Siege Tank  
  54  8:37  Hellion x2  
  61  9:04  Infernal Pre-Igniter  
  61  9:09  SCV  
  63  9:10  SCV  
  63  9:13  Marauder  
  65  9:21  SCV  
  65  9:22  SCV  
  67  9:33  Missile Turret  
  67  9:34  Marauder, SCV  
  67  9:35  Missile Turret  
  67  9:37  Missile Turret  
  70  9:44  Terran Infantry Weapons Level 1  
  70  9:46  Refinery, Medivac  
  70  9:48  Refinery  
  72  10:14  Command Center  
  72  10:15  Medivac  
  72  10:19  Medivac  
  76  10:40  Medivac  
  78  10:43  Marine x2  
  78  10:44  Marine x5  
  85  11:01  Marine  
  85  11:03  Marauder  
  88  11:08  Siege Tank  
  88  11:10  Widow Mine  
  93  11:25  Widow Mine  
  93  11:26  Marauder  
  97  11:33  Supply Depot  
  97  11:35  Supply Depot  
  97  11:36  Supply Depot  
  97  11:38  Supply Depot  
  97  11:40  Siege Tank  
  100  11:56  Marine x3  
  103  12:12  Siege Tank  
  81  12:45  Marine x5  
  81  12:46  Marine x2  
  75  12:52  Widow Mine x2  
  75  12:55  Viking x3  
  85  13:01  Orbital Command  
  85  13:03  Marine x2  
  87  13:22  SCV x2  
  87  13:25  Viking  
  91  13:34  SCV x2  
  93  13:49  Orbital Command  
  93  14:18  SCV x3  
  96  14:30  SCV x3  
  97  14:42  SCV x2  
  90  15:00  Missile Turret  
  90  15:01  Missile Turret  
  90  15:10  SCV  
  90  15:12  SCV x2  
  93  15:22  SCV  
  93  15:24  SCV x2  
  96  15:34  Missile Turret, SCV  
  97  15:36  SCV  
  98  15:46  SCV, Siege Tank  
  98  15:47  Widow Mine x2  
  98  15:48  SCV  
  107  15:55  Missile Turret  
  107  15:58  SCV  
  108  16:10  SCV  
  109  16:17  Missile Turret  
  109  16:18  Siege Tank  
  111  16:23  SCV  
  112  16:27  Command Center  
  112  16:34  Bunker  
  112  16:37  Missile Turret x2, Bunker  
  112  16:38  Missile Turret  
  112  16:39  Missile Turret  
  112  16:41  Missile Turret  
  112  16:50  Siege Tank  
  115  16:58  Missile Turret  
Show
View Real Time Build Order
Export as new Build Order

eXile Zerg - Winner!

Build Orders: Hatch First 

Get SALT Encoding   

  12  0:01  Drone  
  13  0:12  Overlord  
  13  0:17  Drone  
  14  0:33  Drone x2  
  17  0:35  Drone  
  17  0:55  Hatchery  
  16  1:01  Drone  
  17  1:05  Extractor  
  17  1:06  Drone  
  17  1:18  Spawning Pool  
  16  1:20  Drone  
  17  1:47  Hatchery  
  17  1:53  Drone  
  17  2:05  Metabolic Boost  
  17  2:07  Queen  
  19  2:17  Queen  
  19  2:22  Drone  
  22  2:30  Drone  
  23  2:38  Drone x3  
  23  2:43  Zergling x4  
  28  2:49  Overlord  
  28  3:03  Drone x4  
  32  3:07  Queen  
  34  3:21  Drone x4  
  34  3:22  Drone x2  
  40  3:35  Extractor  
  40  3:37  Zergling x2  
  40  3:38  Zergling x4  
  42  3:44  Baneling Nest  
  42  3:47  Extractor  
  40  3:49  Overlord  
  40  3:52  Queen  
  42  4:06  Queen  
  42  4:08  Drone  
  42  4:09  Drone x5  
  50  4:12  Overlord  
  50  4:36  Drone x6  
  50  4:37  Drone x2  
  58  4:48  Overlord  
  58  4:50  Baneling x6  
  58  4:51  Baneling x3  
  58  5:02  Overlord x3  
  58  5:24  Overlord  
  58  5:25  Zergling x2  
  58  5:26  Zergling x18  
  58  5:50  Drone x7  
  58  5:51  Drone  
  65  6:16  Hatchery  
  65  6:18  Queen, Lair  
  62  6:24  Extractor  
  63  6:43  Overlord x3  
  63  6:45  Zergling x6  
  66  6:54  Queen  
  68  7:10  Baneling  
  68  7:11  Baneling x8  
  68  7:21  Drone x6  
  74  7:28  Spire  
  73  7:36  Queen  
  75  7:42  Overlord x3  
  75  7:44  Pneumatized Carapace  
  75  7:45  Drone  
  75  7:46  Drone x3  
  79  8:17  Extractor x2  
  77  8:23  Zergling x2  
  77  8:24  Zergling x14  
  85  8:39  Hatchery  
  84  8:42  Mutalisk  
  84  8:43  Mutalisk x9  
  104  9:00  Evolution Chamber  
  103  9:05  Overseer x2  
  103  9:10  Mutalisk  
  103  9:11  Mutalisk x8  
  121  9:25  Drone  
  121  9:26  Drone x5  
  121  9:27  Zergling x2  
  121  9:28  Zergling x2  
  129  9:31  Zerg Melee Weapons Level 1  
  129  9:32  Evolution Chamber  
  129  9:37  Zerg Flyer Armor Level 1  
  128  9:43  Overlord x3  
  128  9:53  Queen  
  130  10:13  Zerg Ground Armor Level 1  
  130  10:15  Zergling x2  
  130  10:16  Zergling x32  
  147  10:49  Spore Crawler x2  
  145  10:52  Spore Crawler  
  144  10:58  Drone  
  144  10:59  Drone x9  
  144  11:02  Zergling x2  
  144  11:03  Zergling x8  
  159  11:08  Infestation Pit  
  158  11:52  Centrifical Hooks  
  158  11:54  Zerg Melee Weapons Level 2  
  158  11:56  Hive  
  158  12:03  Hatchery  
  158  12:07  Extractor  
  156  12:08  Extractor  
  105  12:31  Zergling x2  
  105  12:32  Zergling x54  
  122  12:53  Baneling  
  122  12:54  Baneling x9  
  122  12:56  Drone  
  122  12:57  Drone x9  
  132  13:04  Zerg Ground Armor Level 2  
  132  13:09  Ultralisk Cavern  
  131  13:43  Zergling x2  
  131  13:44  Zergling x36  
  148  14:09  Ultralisk  
  154  14:10  Overlord, Drone  
  154  14:11  Overlord x8  
  155  14:41  Ultralisk x2  
  155  14:42  Ultralisk x5  
  193  15:04  Ultralisk  
  189  15:22  Baneling x6  
  189  15:23  Baneling x3  
  189  15:31  Chitinous Plating, Adrenal Glands  
  189  15:33  Greater Spire  
  189  15:55  Hatchery  
  188  16:37  Spire  
  187  17:01  Zergling x16  
  188  17:02  Zergling x10  
Tags
 
Add a new tag
Caveats
  • Supply blocks, unpowered buildings, or Contaminate may cause inaccurate times.
  • Supply counts are checked every 10 seconds.